 Dungeon Crawl Stone Soup version 0.14-a0-2019-gd9bc7f0 (webtiles) character file.

1072531 Egon the Conqueror (level 27, -19/239 (245) HPs)
             Began as a Black Draconian Berserker on Jan 16, 2014.
             Was the Champion of the Shining One.
             Killed from afar by an iron dragon (51 damage)
             ... with a spray of metal splinters
             ... while paralysed by the effects of Hell
             ... on Level 7 of the Iron City of Dis on Jan 20, 2014.
             The game lasted 15:27:47 (136553 turns).

Egon the Conqueror (Black Draconian Berserker)    Turns: 136553, Time: 15:27:48

HP -19/239 (245) AC 18     Str 20 (21) XL: 27
MP  45/49        EV  2     Int  4      God: the Shining One [******]
Gold 12731       SH  0     Dex 25      Spells:  0 memorised, 26 levels left

rFire  + + .     SeeInvis +     a - +8,+9 executioner's axe (holy)
rCold  . . .     Clarity  +     (armour unavailable)
rNeg   + + +     Conserve .     (no shield)
rPois  .         rCorr    .     i - +0 hat {SInv}
rElec  +         rRot     .     V - +1 cloak "Grept" {Dex+1 Acc+4 Dam+5}
SustAb + .       Spirit   .     f - +2 pair of fencer's gloves {EV+3 Dex+3 Acc+8}
rMut   .         Warding  .     o - -1 pair of boots {Stlth+}
Saprov . . .     Stasis   .     W - amulet of clarity
MR     ++...                    X - ring of sustain abilities
                                R - ring of Ephemeral Luck {rF++ MP+9 Int-3 Dam+3 Stlth+}

@: paralysed, flying, glowing, very resistant to hostile enchantments,
unstealthy
A: breathe lightning, able to fly continuously, unfitting armour, large and
strong wings, blink 1, deterioration 1, dopey 1, herbivore 1, frail 1, low mp 1,
mutation resistance 1, regeneration 1, screaming 1, electricity resistance, AC
+13
a: Breathe Lightning, Stop Flying, Blink, Divine Shield, Cleansing Flame, Summon
Divine Warrior, Renounce Religion
}: 7/15 runes: barnacled, slimy, silver, obsidian, icy, abyssal, gossamer


You were on level 7 of the Iron City of Dis.
You worshipped the Shining One.
The Shining One was exalted by your worship.
You were hungry.

You visited 18 branches of the dungeon, and saw 94 of its levels.
You visited the Abyss 8 times.
You also visited: Labyrinth, Sewer, Volcano and Wizlab.

You collected 13613 gold pieces.
You spent 882 gold pieces at shops.

Inventory:

Hand weapons
 a - a +8,+9 executioner's axe of holy wrath (weapon)
 b - the +6,+3 war axe "Woacix" {flame, SInv}
   (Trog gifted it to you on level 3 of the Elven Halls)

   It emits flame when wielded, causing extra injury to most foes and up to
   double damage against particularly susceptible opponents.
   Big, fiery blades are also staple armaments of hydra-hunters.
   It enhances your eyesight.
Armour
 f - the +2 pair of fencer's gloves (worn) {EV+3 Dex+3 Acc+8}
   (You acquired it on level 6 of the Dungeon)

   It affects your evasion (+3).
   It affects your dexterity (+3).
   It affects your accuracy (+8).
 i - a +0 hat of see invisible (worn)
 o - a -1 pair of boots of stealth (worn)
 V - the +1 cloak "Grept" (worn) {Dex+1 Acc+4 Dam+5}
   (You acquired it on level 5 of the Vaults)

   It affects your dexterity (+1).
   It affects your accuracy (+4).
   It affects your damage-dealing abilities (+5).
Magical devices
 w - a wand of teleportation (4)
 I - a wand of digging (17)
Comestibles
 B - 5 apricots
Jewellery
 g - the ring of Esmophav {Wiz Int+1}
   (You found it on level 7 of Gehenna)

   [ring of wizardry]

   It affects your intelligence (+1).
 j - the ring of the Manifold Lives {Dex+3 Int+5 Acc+4 Dam+4}
   (You found it on level 7 of Cocytus)

   [ring of slaying]

   It affects your accuracy (+4).
   It affects your damage-dealing abilities (+4).
   It affects your intelligence (+5).
   It affects your dexterity (+3).
 z - an uncursed amulet of warding
 C - an uncursed amulet of resist mutation
 F - a cursed amulet of guardian spirit
 J - an uncursed ring of protection from fire
 N - an uncursed amulet of stasis
 R - the ring of Ephemeral Luck (left hand) {rF++ MP+9 Int-3 Dam+3 Stlth+}
   (You found it on level 11 of the Dungeon)

   [ring of magical power]

   It affects your intelligence (-3).
   It affects your damage-dealing abilities (+3).
   It greatly protects you from fire.
   It makes you much more stealthy.
 S - the amulet "Nefuj" {rCorr rPois}
   (You took it off a deep elf blademaster on level 3 of the Elven Halls)

   [amulet of resist corrosion]

   It protects you from poison.
 T - an uncursed ring of protection from cold
 W - an amulet of clarity (around neck)
 X - a ring of sustain abilities (right hand)
Potions
 e - a potion of heal wounds
Miscellaneous
 h - a fan of gales
 n - a sack of spiders
 s - a phial of floods
 v - a stone of tremors
 y - a disc of storms
 Z - a lamp of fire
Rods
 c - a +7 rod of destruction (13/13)
   (You took it off an ogre mage on level 5 of the Vaults)


   Skills:
 O Level 27 Fighting
 O Level 27 Axes
 O Level 27 Dodging
 + Level 19.8 Shields
 - Level 16.0 Unarmed Combat
 + Level 26.2 Invocations
 O Level 27 Evocations


You had 26 spell levels left.
You didn't know any spells.

Dungeon Overview and Level Annotations

Branches:
Dungeon (16/16)            Temple (1/1) D:6             Orc (4/4) D:12
    Elf (3/3) Orc:3          Lair (8/8) D:11         Shoals (5/5) Lair:5
 Spider (5/5) Lair:5        Slime (6/6) Lair:7       Vaults (5/5) D:15
  Blade (1/1) Vaults:3       Tomb (2/3) Forest:3       Hell (1/1)
    Dis (7/7) Hell            Geh (7/7) Hell            Coc (7/7) Hell
    Tar (0/7) Hell            Zot (5/5) Depths:6     Forest (5/5) Vaults:2
 Depths (6/6) D:16

Altars:
Ashenzari
Cheibriados
Dithmengos
Elyvilon
Fedhas
Kikubaaqudgha
Makhleb
Nemelex Xobeh
Okawaru
Sif Muna
Trog
Vehumet
Xom
Yredelemnul
Zin
the Shining One
Beogh

Shops:
D:9 [(   D:16 %:   Orc:2 *   Orc:4 [*(:   Elf:2 *   Vaults:1 *   Vaults:2 !
Depths:1 :   Depths:3 [

Portals:
Hell: Depths:1 Depths:2 Depths:3 Depths:4 Depths:5 Depths:6
Abyss: Depths:2 Depths:4
Pandemonium: Depths:1 Depths:3
Ziggurat: Depths:6

Annotations:
Dis:7 exclusion: door
Forest:1 exclusion: 4 oklob plants


Innate Abilities, Weirdness & Mutations

You can breathe wild blasts of lightning.
You can fly continuously.
Your glossy black scales are hard (AC +13).
Your body does not fit into most forms of armour.
Your cold-blooded metabolism reacts poorly to cold.
Your wings are large and strong.
You are resistant to electric shocks.
You can translocate small distances at will.
Your body is slowly deteriorating.
You are dopey. (Int -2)
You digest meat inefficiently.
You are frail (-10% HP).
Your magical capacity is low (-10% MP).
You are somewhat resistant to further mutation.
Your natural rate of healing is unusually fast.
You occasionally shout uncontrollably.


Message History

The iron dragon convulses!
The Brimstone Fiend calls on the powers of darkness!
The iron dragon convulses!
Your body is wracked with pain!
* * * LOW HITPOINT WARNING * * *
The iron dragon moves out of view.
Which direction?
You reach down and close the door. "We have you now!"
You suddenly lose the ability to move!
A Brimstone Fiend opens the door.
The tormentor calls on the powers of darkness!
The iron dragon convulses!
Your body is wracked with pain!
* * * LOW HITPOINT WARNING * * *
The tormentor calls on the powers of darkness!
The iron dragon convulses!
Your body is wracked with pain!
* * * LOW HITPOINT WARNING * * *
The iron dragon breathes metal splinters at you.
Helpless, you fail to dodge the spray of metal splinters.
You die...

+ ++8 +.8. '.42.
#######+
+.)4Z1++################
.......+
+.221D'@................
######.+
++12'++'###.............
∩....#.+ ++ ++#
#............. .....'.++
#..######..... .....#..#
#..#....#.∩... .....'..#
#..#....#..... .....#..#
#..#....#..... .....#..#
#..#....#.#### .....#..#
#..#....#.#


You could see a Hell Sentinel, 2 iron golems, an iron dragon, a Brimstone Fiend,
a Shadow Fiend, a reaper, 2 iron devils, 3 tormentors and an iron dragon zombie.

Vanquished Creatures
  Antaeus (Coc:7)
  Asmodeus (Geh:7)
  the royal jelly (Slime:6)
  8 orbs of fire (Zot:5)
  8 ancient liches
  4 greater mummies (Tomb:1)
  Boris (twice) (Vaults:4 Forest:2)
  Margery (Blade)
  Norris (Depths:1)
  the Enchantress (Forest:5)
  3 Killer Klowns
  The ghost of ghwc the Tortoise, a great LOFi of Okawaru (Depths:5)
  Mennas (Forest:4)
  Geryon (Hell)
  16 golden dragons
  A curse toe (Zot:3)
  Jory (Vaults:2)
  2 profane servitors
  Frederick (Vaults:5)
  13 bone dragons
  5 electric golems
  Arachne (Spider:3)
  20 Brimstone Fiends
  6 Hell Sentinels
  11 liches
  24 tentacled monstrosities
  23 Orb Guardians (Zot:5)
  12 Ice Fiends
  Murray (Hell)
  3 quicksilver dragons
  5 thorn hunters
  3 deep elf blademasters
  A Shadow Fiend (Abyss:1)
  3 titans
  3 krakens
  2 deep elf master archers
  7 storm dragons
  28 acid blobs
  7 sphinxes
  Rupert (Spider:1)
  9 Executioners
  Agnes (Forest:2)
  Frances (Blade)
  4 ancient champions
  Kirke (Shoals:5)
  4 shadow dragons
  Roxanne (Shoals:5)
  9 tengu reavers
  6 draconian knights
  Ilsuiw (Shoals:5)
  4 draconian monks
  3 revenants
  13 frost giants
  Donald (Shoals:4)
  Wiglaf (Depths:1)
  Maud (Spider:1)
  14 azure jellies
  7 iron dragons
  11 vault wardens
  11 ghost moths
  10 fire giants
  5 draconian scorchers
  13 deep elf sorcerers
  Aizul (Depths:3)
  40 tentacled starspawn
  4 emperor scorpions (Spider:5)
  Gastronok (Lair:2)
  6 draconian zealots
  2 orc warlords
  4 ancient bears
  Jorgrun (Depths:5)
  4 draconian annihilators
  10 cacodemons
  33 reapers
  A greater naga (Abyss:1)
  9 balrugs
  65 stone giants
  7 draconian callers
  11 draconian shifters
  5 spriggan defenders (Forest:5)
  5 treants
  2 apis
  3 elemental wellsprings
  6 eidola
  6 dire elephants
  4 grey draconians
  3 vampire knights
  5 green draconians
  4 lorocyprocas
  9 deep elf demonologists
  12 blizzard demons
  5 green deaths
  7 purple draconians
  16 yellow draconians
  4 merfolk javelineers (Shoals:5)
  9 black draconians
  4 unborn
  16 deep elf annihilators
  14 red draconians
  15 pale draconians
  14 white draconians
  13 mottled draconians
  9 spriggan air magi
  7 satyrs
  Snorg (Spider:3)
  4 mummy priests (Tomb:1)
  26 ettins
  34 vault guards
  4 merfolk impalers (Shoals:5)
  15 jiangshi
  14 fire dragons
  2 minotaurs
  7 death oozes
  2 sirens
  3 quicksilver dragon zombies
  8 deep elf death magi
  9 deep elf high priests
  3 great orbs of eyes
  10 death cobs
  39 yaktaur captains
  A ravenous item mimic (Vaults:5)
  A quicksilver dragon skeleton (Abyss:1)
  12 ironheart preservers
  A spectral shadow dragon (Depths:5)
  17 ice dragons
  3 merfolk aquamancers (Shoals:5)
  Nessos (Elf:2)
  23 hydras
  33 dancing weapons
  21 deep troll earth magi
  17 deep troll shamans
  Erica (Lair:5)
  10 spriggan berserkers
  A salamander (Depths:1)
  The ghost of 4tharraofdagon the Cleaver, an experienced MiFi of Zin (D:11)
  2 ravenous feature mimics
  116 slime creatures
  3 spriggan enchanters
  5 death yaks (Lair:8)
  11 tengu warriors
  28 ogre magi
  32 thrashing horrors
  7 vampire magi
  An alligator (Abyss:1)
  2 spriggan assassins
  7 rakshasas
  6 anacondas
  2 spectral elves
  9 dryads
  21 sun demons
  27 wretched stars
  4 titan zombies
  31 centaur warriors
  13 naga warriors
  20 very ugly things
  18 soul eaters
  45 hell hogs
  5 orc high priests
  5 fire crabs
  An iron golem (Vaults:1)
  Nergalle (D:11)
  3 storm dragon zombies
  2 fire crabs (shapeshifter)
  36 hell knights
  5 titan skeletons
  2 death drakes
  11 spatial maelstroms
  A spectral anaconda (Abyss:4)
  12 sea snakes
  17 iron trolls
  61 skeletal warriors
  15 unseen horrors
  4 storm dragon skeletons
  16 water nymphs
  22 deep elf knights
  8 shadow wraiths
  43 deep trolls
  15 flayed ghosts
  24 ice devils
  37 fauns
  104 large abominations
  A faun (shapeshifter) (Depths:3)
  Erolcha (D:10)
  4 golden dragon zombies
  An unseen horror (shapeshifter) (Depths:4)
  3 ice statues
  9 giant orange brains
  10 ironbrand convokers
  19 orc knights
  5 shadow dragon zombies
  A deep troll (shapeshifter) (Abyss:2)
  A harpy (shapeshifter) (Depths:4)
  11 golden dragon skeletons
  Joseph (D:12)
  14 giant amoebae
  A cyclops (shapeshifter) (Depths:3)
  17 hill giants
  10 deep elf conjurers
  29 harpies
  6 wizards
  A deep dwarf berserker (Abyss:5)
  11 flaming corpses
  40 wolf spiders
  23 hellions
  A red wasp (shapeshifter) (Depths:2)
  24 iron dragon zombies
  8 orc sorcerers
  10 griffons
  A sphinx skeleton (Geh:7)
  16 phantasmal warriors
  3 hell beasts
  7 iron dragon skeletons
  4 apocalypse crabs
  19 necromancers
  2 moths of wrath (shapeshifter)
  11 red wasps
  12 sixfirhies
  8 octopodes
  12 shining eyes
  4 stone golems
  13 cyclopes
  An elf zombie (Abyss:4)
  27 moths of wrath
  4 guardian serpents (Abyss:1)
  2 stone giant skeletons
  10 spiny worms
  5 spriggan druids
  An eye of devastation (Abyss:3)
  12 black mambas
  14 vault sentinels
  An item mimic (Lair:3)
  10 spiny frogs
  29 tormentors
  14 deep elf summoners
  A guardian serpent (shapeshifter) (Depths:3)
  3 vapours
  A black mamba (shapeshifter) (Depths:6)
  A redback zombie (D:16)
  11 orange demons
  2 yaktaurs (shapeshifter)
  9 efreet
  A pale draconian zombie (Abyss:1)
  26 smoke demons
  A spiny frog (shapeshifter) (Abyss:1)
  A storm dragon simulacrum (Depths:5)
  A purple draconian zombie (Zot:5)
  A red draconian zombie (Zot:5)
  A black draconian zombie (Zot:4)
  16 hellwings
  60 raiju
  4 wandering mushrooms
  2 queen bees
  An iron troll zombie (Abyss:4)
  16 deep elf priests
  A silent spectre (Abyss:4)
  18 demonic crawlers
  4 fire drakes
  25 red devils
  A black draconian skeleton (Abyss:1)
  23 orb spiders
  6 tengu conjurers
  An elf (shapeshifter) (Vaults:5)
  14 mermaids
  19 iron devils
  111 yaktaurs
  8 guardian mummies (Tomb:1)
  4 komodo dragons
  A troll (shapeshifter) (Depths:1)
  A grey draconian skeleton (Abyss:3)
  4 death drake zombies
  74 spriggans
  36 jumping spiders
  2 jumping spiders (shapeshifter)
  25 snapping turtles
  11 thorn lotuses
  30 ancient zymes
  A golden dragon simulacrum (Depths:5)
  A salamander zombie (Geh:7)
  5 harpy zombies (Shoals:4)
  A spriggan (shapeshifter) (Vaults:3)
  2 polar bears (shapeshifter)
  A polar bear (Forest:4)
  A blink frog (shapeshifter) (Abyss:5)
  Sonja (D:10)
  12 wind drakes
  A giant firefly (shapeshifter) (Depths:3)
  30 giant fireflies
  9 naga magi
  11 trolls
  39 two-headed ogres
  26 blue devils
  2 baby alligators (shapeshifter)
  A spectral guardian serpent (Abyss:4)
  8 boulder beetles
  44 ice dragon zombies
  4 death drake skeletons
  2 moth of wrath zombies (Zot:5)
  12 grizzly bears
  6 bog bodies
  A wind drake (shapeshifter) (Depths:2)
  A grizzly bear (shapeshifter) (Vaults:5)
  A boulder beetle (shapeshifter) (Depths:4)
  26 blink frogs
  A fire dragon zombie (Zot:5)
  3 formicids
  3 guardian serpent zombies
  A basilisk (Lair:2)
  A black mamba zombie (Abyss:1)
  64 yaks
  77 flying skulls
  21 brown oozes
  20 shadows
  A stone giant simulacrum (Depths:1)
  A trapdoor spider (shapeshifter) (D:14)
  3 formicids (shapeshifter)
  A basilisk (shapeshifter) (Vaults:3)
  A spectral ugly thing (Abyss:1)
  A guardian serpent skeleton (Abyss:1)
  38 ynoxinuls
  An ugly thing zombie (Vaults:3)
  An ettin skeleton (Abyss:4)
  51 redbacks
  70 ugly things
  A griffon skeleton (D:15)
  15 air elementals
  5 wyverns
  2 hogs (Shoals:5)
  24 deep elf magi
  A tarantella (shapeshifter) (D:14)
  2 hogs (shapeshifter)
  A human (shapeshifter) (Vaults:3)
  32 tarantellas
  8 fire bats
  13 trapdoor spiders
  2 fire elementals
  26 sharks
  20 chaos spawn
  25 neqoxecs
  10 vampire mosquitoes
  A hungry ghost (Abyss:1)
  A yak (shapeshifter) (Depths:5)
  30 ice dragon skeletons
  15 vampires
  23 wraiths
  Eustachio (D:6)
  19 metal gargoyles (Dis:7)
  2 elephant slugs
  34 water elementals
  A merfolk (shapeshifter) (Vaults:3)
  45 merfolk
  2 hill giant zombies
  14 molten gargoyles (Geh:7)
  A clay golem (Vaults:2)
  A golden eye (shapeshifter) (Depths:5)
  9 golden eyes
  25 hippogriffs
  34 deep elf fighters
  5 mottled dragons
  An iron troll simulacrum (Vaults:2)
  20 spatial vortices
  8 raiju zombies
  31 wolves
  9 necrophages
  6 human zombies
  A soldier ant (shapeshifter) (Abyss:2)
  36 hell hounds
  The ghost of wojtek the Cutter, an average KoAs (Sewer)
  16 manticores
  4 deep troll zombies
  70 small abominations
  28 nagas
  An ice beast (shapeshifter) (Depths:4)
  52 orc warriors
  2 spectral shapeshifters
  A dwarf (shapeshifter) (Vaults:5)
  22 freezing wraiths
  5 porcupines
  A human skeleton (Abyss:5)
  A spectral blink frog (Abyss:4)
  12 ice beasts
  2 raiju skeletons (Abyss:4)
  3 swamp drakes
  7 black bears
  34 giant goldfish
  3 phantoms
  3 sky beasts
  An ettin simulacrum (Vaults:3)
  15 yellow wasps
  A boring beetle (shapeshifter) (Depths:1)
  A blink frog skeleton (Abyss:5)
  2 boring beetles
  A giant amoeba simulacrum (D:14)
  99 ogres
  43 centaurs
  13 rotting devils
  19 tengu
  2 big kobolds
  Sigmund (D:5)
  10 lava worms
  24 water moccasins
  11 giant slugs
  9 wargs
  12 crocodiles
  Blork the orc (D:6)
  28 giant frogs
  5 brain worms
  3 yaktaur zombies
  10 insubstantial wisps
  An octopode zombie (Abyss:1)
  5 agate snails
  A yaktaur skeleton (Tomb:1)
  A glowing shapeshifter simulacrum (Depths:5)
  A blink frog simulacrum (Abyss:2)
  14 eyes of draining
  27 jellyfish
  8 shark zombies
  A hippogriff zombie (Shoals:4)
  A yak zombie (D:11)
  A cyclops skeleton (D:15)
  A manticore skeleton (D:6)
  A giant goldfish zombie (Coc:4)
  59 killer bees
  A troll zombie (D:12)
  15 electric eels
  16 jellies
  76 wights
  14 lava fish
  7 goliath beetles
  21 lava snakes
  3 pulsating lumps
  A giant goldfish skeleton (Coc:4)
  19 crimson imps
  39 orc priests
  35 spiders
  A goliath beetle (shapeshifter) (Depths:3)
  21 big fish
  A giant frog skeleton (D:10)
  117 starcursed masses
  A centaur zombie (Vaults:3)
  16 iron imps
  Crazy Yiuf (D:6)
  An orb spider simulacrum (Abyss:5)
  14 hounds
  A water moccasin zombie (D:5)
  43 orc wizards
  A black bear skeleton (D:7)
  10 iguanas
  2 quasits
  13 sheep
  8 scorpions
  A shapeshifter simulacrum (Abyss:4)
  3 orange rats
  17 worker ants
  A giant goldfish simulacrum (Coc:3)
  A sky beast zombie (D:7)
  26 boggarts
  An ogre zombie (D:7)
  A hound zombie (D:8)
  2 brain worm zombies
  A big kobold skeleton (D:10)
  A mottled dragon skeleton (D:15)
  19 mummies
  2 hound skeletons
  A worker ant zombie (Abyss:1)
  3 orange rat zombies (Hell)
  85 green rats
  2 big fish zombies (Coc:7)
  10 lemures
  28 adders
  4 giant centipedes
  4 gnolls (Orc:4)
  3 shadow imps
  A worm zombie (D:9)
  5 giant mites
  An inept item mimic (D:5)
  3 big fish skeletons
  A worm (shapeshifter) (Depths:1)
  2 orange rat simulacra (Hell)
  23 white imps
  3 worms
  55 ufetubi
  An adder zombie (D:8)
  A giant centipede zombie (D:8)
  A grey rat (D:6)
  17 giant eyeballs
  7 oozes
  234 orcs
  4 ball pythons
  28 bats
  19 goblins
  20 hobgoblins
  21 kobolds
  9 quokkas
  7 giant cockroaches
  9 giant geckos
  A giant gecko skeleton (D:4)
  4 giant newts
  3 giant spores
  A gnoll skeleton (D:9)
  12 illusory rakshasas
  22 jackals
  A kobold skeleton (D:5)
  3 lurking horrors
  An orc skeleton (D:10)
  6 orc zombies
  17 rats
  A rat skeleton (D:4)
  3 spectral orcs (D:11)
  22 ballistomycetes
  4 briar patches
  3 butterflies
  6 fungi
  14 plants
  38 starspawn tentacles
  2 starspawn tentacle segments
  5 tentacles
  A tentacle segment (Shoals:5)
  14 toadstools (WizLab)
6269 creatures vanquished.

Vanquished Creatures (collateral kills)
  Tiamat (Zot:1)
  The ghost of Piginabag the Skullcrusher, a legendary DsMo of Okawaru (Dis:7)
  2 greater mummies (Tomb:1)
  Saint Roka (Depths:1)
  Sojobo (D:16)
  Mara (Spider:3)
  A Brimstone Fiend (Geh:1)
  2 Orb Guardians (Zot:5)
  An Executioner (Abyss:4)
  2 Ice Fiends
  An acid blob (Slime:6)
  A titan (Depths:3)
  2 thorn hunters (WizLab)
  A sphinx (Tomb:1)
  A storm dragon (Depths:5)
  A tengu reaver (Depths:1)
  2 revenants (Abyss:4)
  A tentacled starspawn (Abyss:4)
  A vault warden (Vaults:1)
  5 reapers
  A satyr (Abyss:4)
  A vampire knight (Depths:3)
  An elemental wellspring (Forest:4)
  2 dire elephants (Forest:4)
  2 ettins
  A death ooze (Slime:6)
  7 mummy priests (Tomb:1)
  A spriggan air mage (Forest:4)
  A fire dragon (Depths:3)
  2 jiangshi (Abyss:4)
  4 ice dragons
  A deep elf high priest (Elf:3)
  A merfolk aquamancer (Shoals:5)
  Harold (Lair:2)
  3 hydras
  A spriggan berserker (Forest:4)
  A deep troll earth mage (Depths:5)
  A tengu warrior (Depths:1)
  3 hell hogs
  A vampire mage (Depths:1)
  2 titan zombies
  A very ugly thing (Abyss:4)
  A soul eater (Depths:5)
  A sun demon (Geh:2)
  An iron golem (Dis:7)
  An iron troll (Dis:7)
  4 hell knights
  12 skeletal warriors
  2 deep trolls (Depths:5)
  A spatial maelstrom (Abyss:4)
  6 ice devils
  A storm dragon skeleton (Geh:5)
  A large abomination (Abyss:4)
  A golden dragon zombie (Geh:7)
  3 golden dragon skeletons
  An ice statue (Depths:5)
  2 hill giants
  2 shadow dragon zombies
  2 flaming corpses
  11 iron dragon zombies
  3 hellions
  A shadow dragon skeleton (Geh:5)
  2 iron dragon skeletons
  A deep dwarf berserker (Abyss:4)
  2 sixfirhies (Tomb:1)
  3 tormentors
  2 smoke demons (Abyss:4)
  An elf zombie (Depths:3)
  3 yaktaurs (Vaults:1)
  4 iron devils
  2 mermaids (Shoals:5)
  20 guardian mummies
  An efreet (Abyss:4)
  5 blue devils
  4 red devils
  3 raiju (Abyss:4)
  2 giant fireflies (Forest:5)
  A hellwing (Dis:2)
  2 spriggans (Forest:5)
  4 thorn lotuses
  5 slime creatures
  An ettin zombie (Depths:1)
  2 blink frogs (Abyss:4)
  2 bog bodies (Coc:7)
  6 ice dragon zombies
  13 flying skulls
  An ugly thing (Abyss:4)
  A vampire (Geh:1)
  5 ice dragon skeletons
  A water elemental (Forest:4)
  A metal gargoyle (Dis:7)
  2 wraiths
  3 shadows
  A neqoxec (Tomb:1)
  A deep elf fighter (Depths:5)
  3 merfolk (Shoals:5)
  A spatial vortex (Coc:4)
  2 necrophages
  2 freezing wraiths
  A molten gargoyle (Geh:7)
  A hell hound (Geh:4)
  A naga zombie (Depths:1)
  2 orc warriors
  2 ogres
  A phantom (Geh:1)
  A giant goldfish (Spider:3)
  4 rotting devils
  A blink frog skeleton (Abyss:4)
  3 lava worms
  An earth elemental (Abyss:4)
  A water moccasin (Lair:3)
  A giant frog (D:10)
  A shark zombie (Coc:7)
  2 giant goldfish zombies (Coc:7)
  An electric eel (Spider:3)
  8 wights
  A jellyfish (Coc:3)
  3 lava snakes
  A starcursed mass (Abyss:5)
  An iron imp (Dis:5)
  A jelly (Slime:6)
  3 orc wizards (Orc:4)
  15 mummies
  A big fish zombie (Coc:7)
  A shadow imp (Abyss:4)
  2 white imps
  3 giant eyeballs
  3 orcs
  A lurking horror (Abyss:4)
  A starspawn tentacle (Abyss:4)
309 creatures vanquished.

Vanquished Creatures (others)
  A profane servitor (Abyss:1)
  An eldritch tentacle (Dis:6)
  4 tengu reavers
  6 daevas
  A revenant (Abyss:4)
  A draconian knight (Zot:5)
  5 angels
  A stone giant (Slime:6)
  5 elemental wellsprings
  2 deep elf death magi (Abyss:1)
  A spriggan air mage (Forest:5)
  2 deep elf high priests (Elf:3)
  An ice dragon (Zot:1)
  A deep troll earth mage (Abyss:1)
  An ogre mage (Depths:1)
  A wretched star (Abyss:4)
  An iron troll (Abyss:1)
  4 large abominations
  2 deep trolls
  4 air elementals
  A harpy (Vaults:5)
  An ironbrand convoker (Vaults:2)
  2 necromancers (Abyss:1)
  A deep elf conjurer (Abyss:1)
  3 hill giants
  2 sixfirhies (Abyss:4)
  A deep dwarf berserker (Abyss:5)
  A wizard (D:4)
  12 fire elementals
  A yellow draconian zombie (Zot:5)
  2 ancient zymes (Abyss:4)
  A tengu conjurer (Abyss:5)
  A red devil (Depths:5)
  A spriggan (Forest:5)
  4 jumping spiders (Zot:5)
  2 redbacks
  A hungry ghost (Abyss:4)
  A human (Shoals:5)
  A ynoxinul (Abyss:3)
  A wraith (Geh:3)
  2 neqoxecs (Abyss:4)
  A chaos spawn (Abyss:3)
  A tengu zombie (Abyss:5)
  2 molten gargoyles (Geh:7)
  2 small abominations
  A troll (Zot:5)
  An orc warrior (Depths:1)
  A naga (Depths:4)
  A tengu (Abyss:5)
  A lost soul (Elf:3)
  A water moccasin (Abyss:1)
  A lava worm (Geh:7)
  A killer bee (Abyss:3)
  An electric eel (Spider:3)
  A wight (Hell)
  A big fish (Forest:2)
  A crimson imp (Abyss:1)
  A quasit (D:13)
  3 boggarts
  An adder (Lair:2)
  A bat (Abyss:1)
  A kobold (D:6)
  A giant spore (D:10)
  5 lurking horrors
  3 ballistomycetes (Abyss:4)
  2 briar patches
  33 eldritch tentacle segments (Dis:6)
  A fungus (Lair:8)
  9 plants
  163 snaplasher vine segments
  74 starspawn tentacles
  460 starspawn tentacle segments
  14 tentacles
  41 tentacle segments (Shoals:5)
  A toadstool (WizLab)
919 creatures vanquished.

Grand Total: 7497 creatures vanquished

Notes
Turn   | Place    | Note
--------------------------------------------------------------
     0 | D:1      | Egon, the Draconian Berserker, began the quest for the Orb.
     0 | D:1      | Reached XP level 1. HP: 19/19 MP: 1/1
   508 | D:1      | Reached XP level 2. HP: 26/26 MP: 2/2
  1216 | D:1      | Acquired Trog's second power
  1271 | D:2      | Reached XP level 3. HP: 31/31 MP: 3/3
  1636 | D:2      | Reached skill level 4 in Fighting
  1636 | D:2      | Reached XP level 4. HP: 40/40 MP: 4/4
  1914 | D:2      | Found an iron altar of Okawaru.
  3156 | D:4      | Noticed a troll
  3169 | D:4      | Killed a troll
  3169 | D:4      | Reached skill level 1 in Shields
  3169 | D:4      | Reached skill level 1 in Evocations
  3169 | D:4      | Reached XP level 5. HP: 12/47 MP: 4/6
  3169 | D:4      | Reached XP level 6. HP: 14/55 MP: 4/7
  3465 | D:4      | Found a bloodstained altar of Trog.
  3465 | D:4      | Noticed a wizard
  3470 | D:4      | Killed a wizard
  3543 | D:4      | Noticed an ogre
  3548 | D:4      | Killed an ogre
  3548 | D:4      | Reached skill level 5 in Fighting
  3943 | D:5      | Entered Level 5 of the Dungeon
  4019 | D:5      | Your scales start taking on a glossy black colour.
  4019 | D:5      | Gained mutation: You are resistant to electric shocks. [draconian maturity]
  4019 | D:5      | Reached XP level 7. HP: 61/61 MP: 9/9
  4051 | D:5      | Acquired Trog's third power
  4144 | D:5      | Found a shattered altar of Ashenzari.
  4279 | D:5      | Noticed Sigmund
  4285 | D:5      | Killed Sigmund
  4531 | D:5      | Reached skill level 5 in Axes
  4952 | D:6      | Noticed Eustachio
  4959 | D:6      | Killed Eustachio
  4959 | D:6      | Reached skill level 5 in Dodging
  4959 | D:6      | Reached XP level 8. HP: 47/70 MP: 10/12
  5173 | D:6      | Reached skill level 6 in Fighting
  5175 | D:6      | Identified a scroll of acquirement
  5208 | D:6      | Noticed Blork the orc
  5223 | D:6      | Killed Blork the orc
  5510 | D:6      | Found a glowing drain.
  5518 | Sewer    | Entered a sewer
  5560 | Sewer    | Noticed wojtek's ghost (average KoAs)
  5564 | Sewer    | Killed wojtek's ghost
  5737 | D:6      | Found a staircase to the Ecumenical Temple.
  6312 | D:6      | Noticed Crazy Yiuf
  6320 | D:6      | Killed Crazy Yiuf
  6382 | Temple   | Entered the Ecumenical Temple
  6670 | D:7      | Reached skill level 7 in Fighting
  6670 | D:7      | Reached XP level 9. HP: 58/79 MP: 16/16
  6879 | D:7      | Reached skill level 5 in Evocations
  6968 | D:6      | Found a radiant altar of Vehumet.
  7021 | D:7      | Reached skill level 5 in Shields
  7819 | D:8      | Received a gift from Trog
  8164 | D:9      | Found Khitaa Trae's Antique Armour Shoppe.
  8384 | D:9      | Reached skill level 8 in Fighting
  8463 | D:9      | Reached XP level 10. HP: 83/88 MP: 19/19
  8575 | D:9      | Noticed an octopode
  8590 | D:9      | Killed an octopode
  8911 | D:9      | Found Qilemm's Antique Weapon Boutique.
  9356 | D:10     | Entered Level 10 of the Dungeon
  9427 | D:10     | Noticed Erolcha
  9435 | D:10     | Killed Erolcha
  9448 | D:10     | Noticed a hill giant
  9536 | D:10     | Noticed an eight-headed hydra
  9574 | D:10     | Killed a nine-headed hydra
  9574 | D:10     | Reached skill level 9 in Fighting
 10079 | D:10     | Noticed Sonja
 10095 | D:10     | Killed Sonja
 10330 | D:10     | Noticed a hill giant
 10336 | D:10     | Killed a hill giant
 10357 | D:10     | Killed a hill giant
 10357 | D:10     | Reached XP level 11. HP: 44/97 MP: 22/22
 10370 | D:10     | Noticed an ettin
 10373 | D:10     | Killed an ettin
 10388 | D:10     | Noticed a spiny worm
 10399 | D:10     | Killed a spiny worm
 10766 | D:10     | Noticed a centaur warrior
 10798 | D:10     | Killed a centaur warrior
 11011 | D:11     | Noticed 4tharraofdagon's ghost (experienced MiFi)
 11202 | D:11     | Killed 4tharraofdagon's ghost
 11207 | D:11     | Received a gift from Trog
 11229 | D:11     | Noticed a hill giant
 11231 | D:11     | Killed a hill giant
 11231 | D:11     | Reached skill level 10 in Fighting
 11511 | D:11     | Found a staircase to the Lair.
 11717 | D:11     | Noticed Nergalle
 11735 | D:11     | Killed Nergalle
 11842 | D:11     | Noticed a seven-headed hydra
 11912 | D:11     | Killed a seven-headed hydra
 12094 | D:11     | Got a wavering platinum ring
 12123 | D:11     | Identified the ring of Ephemeral Luck {rF++ MP+9 Int-3 Dam+3 Stlth+} (You found it on level 11 of the Dungeon)
 12569 | Lair:1   | Entered Level 1 of the Lair of Beasts
 12655 | Lair:1   | Reached skill level 10 in Axes
 12774 | Lair:1   | Reached XP level 12. HP: 108/108 MP: 25/25
 12792 | Lair:1   | Received a gift from Trog
 12878 | Lair:1   | Noticed a six-headed hydra
 12889 | Lair:1   | Found a labyrinth entrance.
 12897 | Lair:1   | Reached skill level 11 in Fighting
 12928 | Lab      | Entered a labyrinth
 13160 | Lab      | Noticed a minotaur
 13165 | Lab      | Killed a minotaur
 13412 | Lair:1   | Reached skill level 10 in Evocations
 13551 | Lair:1   | Received a gift from Trog
 13753 | Lair:1   | Gained mutation: Your spells are a little harder to cast, but a little more powerful. [potion of beneficial mutation]
 13965 | Lair:1   | Killed a six-headed hydra
 13965 | Lair:1   | Reached skill level 10 in Dodging
 14554 | D:12     | Noticed Joseph
 14560 | D:12     | Killed Joseph
 14611 | D:12     | Found a staircase to the Orcish Mines.
 14938 | Orc:1    | Entered Level 1 of the Orcish Mines
 15065 | Orc:1    | Found a burning altar of Makhleb.
 15199 | Orc:2    | Found a roughly hewn altar of Beogh.
 15453 | Orc:1    | Received a gift from Trog
 16031 | Orc:2    | Found Gopoan's Assorted Antiques.
 16270 | Orc:3    | Received a gift from Trog
 16343 | Orc:3    | Found a staircase to the Elven Halls.
 16697 | Orc:4    | Entered Level 4 of the Orcish Mines
 16954 | Orc:4    | Noticed an ettin
 16962 | Orc:4    | Killed an ettin
 16962 | Orc:4    | Reached skill level 12 in Fighting
 16962 | Orc:4    | Reached XP level 13. HP: 82/118 MP: 27/27
 16976 | Orc:4    | Received a gift from Trog
 17746 | Orc:4    | Received a gift from Trog
 17837 | Orc:4    | Noticed an orc warlord
 17843 | Orc:4    | Killed an orc warlord
 18866 | Orc:4    | Received a gift from Trog
 18990 | Orc:4    | Found Mizozum's General Store.
 18991 | Orc:4    | Found Straigru's Book Emporium.
 18992 | Orc:4    | Found Mnaismi's Antique Armour Shoppe.
 18992 | Orc:4    | Found Muosog's Antique Weapon Shoppe.
 19006 | Orc:4    | Bought a scroll of identify for 24 gold pieces
 19489 | Lair:2   | Noticed Harold
 19497 | Lair:2   | Killed Harold
 19993 | Lair:2   | Noticed Gastronok
 20022 | Lair:2   | Killed Gastronok
 20022 | Lair:2   | Received a gift from Trog
 20310 | Lair:3   | Upgraded the game from 0.14-a0-1876-g927fc3a to 0.14-a0-1969-g2c76abe
 20573 | Lair:3   | Reached skill level 13 in Fighting
 21468 | Lair:4   | Found a dark tunnel.
 21474 | Volcano  | Entered a volcano
 21704 | Lair:4   | Received a gift from Trog
 21730 | Lair:4   | Gained mutation: You are resistant to hostile enchantments. [potion of beneficial mutation]
 21857 | Lair:4   | Gained mutation: Your wings are large and strong. [draconian growth]
 21857 | Lair:4   | Reached XP level 14. HP: 119/129 MP: 29/29
 22503 | Lair:5   | Noticed Erica
 22653 | Lair:5   | Found a staircase to the Shoals.
 22872 | Lair:5   | Killed Erica
 22920 | Lair:5   | Found a hole to the Spider Nest.
 23338 | Lair:6   | Reached XP level 15. HP: 135/137 MP: 30/30
 23594 | Lair:6   | Received a gift from Trog
 24376 | Lair:7   | Found a staircase to the Slime Pits.
 24376 | Lair:7   | Noticed an acid blob
 24376 | Lair:7   | Noticed an acid blob
 24607 | Lair:8   | Entered Level 8 of the Lair of Beasts
 24799 | Lair:8   | Reached skill level 14 in Fighting
 25176 | Lair:8   | Received a gift from Trog
 25186 | Lair:8   | Identified a +5 rod of demonology (13/13) (You found it on level 8 of the Lair of Beasts)
 27421 | D:14     | Received a gift from Trog
 27754 | D:15     | Entered Level 15 of the Dungeon
 27808 | D:15     | Found a gate to the Vaults.
 27845 | D:15     | Reached XP level 16. HP: 147/147 MP: 32/32
 28255 | D:15     | Received a gift from Trog
 29009 | D:16     | Entered Level 16 of the Dungeon
 29022 | D:16     | Reached skill level 15 in Fighting
 29409 | D:16     | Found Wazy's Book Shop.
 29558 | D:16     | Found Doralul's Food Emporium.
 29756 | D:16     | Found a staircase to the Depths.
 29803 | D:16     | Received a gift from Trog
 30524 | Spider:1 | Entered Level 1 of the Spider Nest
 30540 | Spider:1 | Noticed Maud
 30547 | Spider:1 | Killed Maud
 30677 | Spider:1 | Noticed Rupert
 30750 | Spider:1 | Killed Rupert
 30946 | Spider:1 | Reached skill level 15 in Evocations
 31057 | Spider:1 | Received a gift from Trog
 31060 | Spider:1 | Got a steaming hand axe {god gift}
 33221 | Spider:3 | Noticed Snorg
 33277 | Spider:3 | Killed Snorg
 33410 | Spider:3 | Reached XP level 17. HP: 158/158 MP: 33/33
 33578 | Spider:3 | Noticed Arachne
 33588 | Spider:3 | Killed Arachne
 33588 | Spider:3 | Reached skill level 16 in Fighting
 33588 | Spider:3 | Reached skill level 15 in Axes
 33801 | Spider:3 | Noticed Mara
 33810 | Spider:3 | Noticed Mara
 33825 | Spider:3 | Noticed Mara
 33827 | Spider:3 | Noticed Egon's illusion
 33835 | Spider:3 | Killed Mara
 33863 | Spider:3 | Received a gift from Trog
 35116 | Spider:4 | Received a gift from Trog
 35379 | Spider:5 | Entered Level 5 of the Spider Nest
 37108 | Spider:5 | Got a gossamer rune of Zot
 37720 | Shoals:1 | Entered Level 1 of the Shoals
 37939 | Shoals:1 | Received a gift from Trog
 39196 | Shoals:2 | Reached XP level 18. HP: 168/168 MP: 35/35
 39435 | Shoals:3 | Reached skill level 17 in Fighting
 39516 | Shoals:3 | Reached skill level 15 in Dodging
 40086 | Shoals:3 | Received a gift from Trog
 40552 | Shoals:4 | Noticed Donald
 40561 | Shoals:4 | Killed Donald
 41574 | Shoals:5 | Entered Level 5 of the Shoals
 41682 | Shoals:5 | Noticed Ilsuiw
 42241 | Shoals:5 | Noticed Kirke
 42604 | Shoals:5 | Noticed Roxanne
 42908 | Shoals:5 | Received a gift from Trog
 43569 | Shoals:5 | Gained mutation: You are dopey. (Int -2) [mutagenic glow]
 43589 | Shoals:4 | Gained mutation: You can translocate small distances at will. [mutagenic glow]
 44130 | Shoals:5 | Killed Kirke
 44324 | Shoals:5 | Killed Ilsuiw
 44696 | Shoals:5 | Got a barnacled rune of Zot
 45157 | Shoals:5 | Killed Roxanne
 45578 | Vaults:1 | Entered Level 1 of the Vaults
 45614 | Vaults:1 | Received a gift from Trog
 46489 | Vaults:1 | Reached XP level 19. HP: 179/179 MP: 15/36
 46573 | Vaults:1 | Reached skill level 18 in Fighting
 46794 | Vaults:1 | Received a gift from Trog
 46876 | Vaults:1 | Found Bliow's General Store.
 47207 | Vaults:2 | Noticed Jory
 47228 | Vaults:2 | Killed Jory
 47335 | Vaults:2 | Found Pnothrei's Distillery.
 47418 | Vaults:2 | Received a gift from Trog
 47477 | Vaults:2 | Found a staircase to the Enchanted Forest.
 48349 | Vaults:2 | Received a gift from Trog
 48976 | Vaults:3 | Found a staircase to the Hall of Blades.
 49077 | Blade    | Entered the Hall of Blades
 49379 | Blade    | Noticed Margery
 50400 | Blade    | Killed Margery
 50824 | Blade    | Noticed Frances
 50838 | Blade    | Killed Frances
 50992 | Blade    | Reached skill level 19 in Fighting
 51591 | Vaults:3 | Reached XP level 20. HP: 191/191 MP: 15/37
 51966 | Vaults:3 | Received a gift from Trog
 53529 | Vaults:3 | Received a gift from Trog
 53778 | Vaults:4 | Noticed Boris
 53794 | Vaults:4 | Killed Boris
 54214 | Vaults:4 | Got a brightly glowing shield
 54850 | Vaults:4 | Received a gift from Trog
 54949 | Vaults:4 | Reached skill level 20 in Fighting
 55487 | Vaults:4 | Found an iron altar of Okawaru.
 55510 | Vaults:4 | Received a gift from Trog
 55912 | D:15     | Lost mutation: Your spells are a little harder to cast, but a little more powerful. [potion of cure mutation]
 55912 | D:15     | Lost mutation: You are resistant to hostile enchantments. [potion of cure mutation]
 55912 | D:15     | Lost mutation: You are dopey. (Int -2) [potion of cure mutation]
 55956 | Depths:1 | Entered Level 1 of the Depths
 55956 | Depths:1 | Found Foycikos' Book Emporium.
 55965 | Depths:1 | Noticed Sojobo
 55978 | Depths:1 | Noticed Saint Roka
 55984 | D:16     | Killed Sojobo
 56347 | Depths:1 | Killed Saint Roka
 56359 | Depths:1 | Reached XP level 21. HP: 147/201 MP: 37/37
 56470 | Depths:1 | Received a gift from Trog
 56476 | Depths:1 | Noticed Wiglaf
 56487 | Depths:1 | Killed Wiglaf
 56730 | Depths:1 | Found a one-way gate leading to the halls of Pandemonium.
 57119 | Depths:1 | Noticed Norris
 57130 | Depths:1 | Killed Norris
 57241 | Depths:1 | Paralysed by a giant eyeball for 4 turns
 57246 | Depths:1 | Received a gift from Trog
 57863 | Depths:1 | Found a gateway to Hell.
 58149 | Depths:2 | Found a one-way gate to the infinite horrors of the Abyss.
 58421 | Depths:2 | Received a gift from Trog
 59195 | Depths:2 | Received a gift from Trog
 59473 | Depths:2 | Reached skill level 21 in Fighting
 60161 | Depths:3 | Found Klut's Antique Armour Boutique.
 60224 | Depths:3 | Noticed Aizul
 60236 | Depths:3 | Killed Aizul
 60521 | Depths:3 | Paralysed by a vampire knight for 2 turns
 61103 | Depths:3 | Got a dazzling dagger
 61674 | Depths:3 | Received a gift from Trog
 62133 | Depths:3 | Reached XP level 22. HP: 213/213 MP: 38/38
 63332 | Depths:4 | Received a gift from Trog
 64216 | Depths:4 | Paralysed by a giant eyeball for 3 turns
 65078 | Depths:4 | Reached skill level 22 in Fighting
 65080 | Depths:4 | Received a gift from Trog
 66016 | Depths:5 | Found a radiant altar of Vehumet.
 66338 | Depths:5 | Noticed Jorgrun
 66344 | Depths:5 | Killed Jorgrun
 66495 | Depths:5 | Received a gift from Trog
 66573 | Depths:5 | HP: 10/216 [hellion/burst of hellfire (30)]
 67226 | Depths:4 | Cast into the Abyss (ogre mage)
 67417 | Abyss:1  | Reached XP level 23. HP: 167/224 MP: 39/39
 67511 | Abyss:1  | Found a roughly hewn altar of Beogh.
 67827 | Depths:4 | Escaped the Abyss
 67966 | Depths:4 | Received a gift from Trog
 68043 | Depths:5 | Noticed ghwc's ghost (great LOFi)
 68445 | Depths:5 | Killed ghwc's ghost
 69147 | Depths:5 | Received a gift from Trog
 69620 | Depths:5 | Got a crystal battleaxe
 69621 | Depths:5 | Identified the +8,+9 battleaxe of Gaduinos {holy, +Fly rC+} (You took it off a deep elf knight on level 5 of the Depths)
 69629 | Depths:5 | Found a shadowy altar of Dithmengos.
 69755 | Hell     | Entered the Vestibule of Hell
 69755 | Hell     | Noticed Murray
 69983 | Hell     | Noticed Geryon
 69984 | Hell     | Killed Murray
 70339 | Hell     | Killed Geryon
 70422 | Hell     | Found a gateway to the freezing wastes of Cocytus.
 70520 | Hell     | Found a gateway to the ashen valley of Gehenna.
 70535 | Hell     | Reached skill level 23 in Fighting
 70695 | Hell     | Found a gateway to the Iron City of Dis.
 71049 | Hell     | Found a gateway to the decaying netherworld of Tartarus.
 71106 | Hell     | Identified the +2 shield of Zeysmiji {Dex-4 Int-3} (You found it on level 4 of the Vaults)
 71117 | Hell     | Upgraded the game from 0.14-a0-1969-g2c76abe to 0.14-a0-1974-gdb6e453
 72110 | D:14     | Received a gift from Trog
 72497 | Depths:5 | Found a blossoming altar of Fedhas.
 72615 | Depths:5 | Found a bloodstained altar of Trog.
 73039 | Depths:5 | Gained mutation: Your natural rate of healing is unusually fast. [potion of beneficial mutation]
 73384 | Depths:5 | Received a gift from Trog
 74209 | Depths:4 | Reached XP level 24. HP: 224/235 MP: 39/39
 74383 | Depths:6 | Entered Level 6 of the Depths
 74442 | Depths:6 | Found a gateway to a ziggurat.
 74973 | Depths:5 | Received a gift from Trog
 75518 | Depths:6 | Found a gate to the Realm of Zot.
 76371 | Elf:1    | Entered Level 1 of the Elven Halls
 76676 | Elf:1    | Received a gift from Trog
 77179 | Elf:2    | Got an ivory mace
 77294 | Elf:2    | Noticed Nessos
 77312 | Elf:2    | Killed Nessos
 77381 | Elf:2    | Found Bakluaph's Assorted Antiques.
 77394 | Elf:2    | Bought a tapered glass wand for 780 gold pieces
 77394 | Elf:2    | Bought a scroll of identify for 78 gold pieces
 77396 | Elf:2    | Identified a +7 rod of striking (10/10) (You took it off a deep elf fighter on level 5 of the Depths)
 78169 | Elf:3    | Entered Level 3 of the Elven Halls
 78260 | Elf:3    | Received a gift from Trog
 78263 | Elf:3    | Reached skill level 24 in Fighting
 78473 | Elf:3    | Gained mutation: You are somewhat resistant to further mutation. [helix card]
 78669 | Elf:3    | Received a gift from Trog
 79063 | Elf:3    | Got a slimy tin ring
 79084 | Elf:3    | Cast into the Abyss (deep elf sorcerer)
 79111 | Abyss:1  | Found a corrupted altar of Lugonu.
 79397 | Abyss:1  | Identified the cursed ring "Weoghon" {+Fly rF+} (You took it off a deep elf annihilator on level 3 of the Elven Halls)
 79418 | Abyss:1  | Gained mutation: Your magical capacity is low (-10% MP). [a neqoxec]
 79709 | Abyss:1  | Found a corrupted altar of Lugonu.
 79803 | Abyss:1  | Reached XP level 25. HP: 203/247 MP: 36/36
 79863 | Abyss:1  | Received a gift from Trog
 80655 | Elf:3    | Escaped the Abyss
 80860 | Elf:3    | Got a twitching bone ring
 80895 | Elf:3    | Received a gift from Trog
 80896 | Elf:3    | Identified the ring of the Tempest {MP+9 Dex+2 Int-2 Acc+3} (You took it off a deep elf demonologist on level 3 of the Elven Halls)
 80898 | Elf:3    | Got a fine war axe {god gift}
 80952 | Elf:3    | Identified the +6,+3 war axe "Woacix" {flame, SInv} (Trog gifted it to you on level 3 of the Elven Halls)
 81124 | Elf:3    | Got a shimmering jade amulet
 81160 | Elf:3    | Identified the cursed amulet "Nefuj" {rCorr rPois} (You took it off a deep elf blademaster on level 3 of the Elven Halls)
 82071 | Forest:1 | Entered Level 1 of the Enchanted Forest
 82136 | Forest:1 | Received a gift from Trog
 82759 | Forest:1 | Reached skill level 25 in Fighting
 83049 | Forest:1 | Found an ancient bone altar of Kikubaaqudgha.
 83072 | Forest:1 | Received a gift from Trog
 83079 | Forest:1 | Found a magical portal.
 83095 | WizLab   | Entered a wizard's laboratory
 83724 | WizLab   | Found a blossoming altar of Fedhas.
 84156 | Forest:1 | Received a gift from Trog
 84679 | Forest:2 | Noticed Boris
 84725 | Forest:2 | Killed Boris
 84976 | Forest:2 | Noticed Agnes
 84985 | Forest:2 | Killed Agnes
 84985 | Forest:2 | Received a gift from Trog
 86259 | Forest:3 | Reached XP level 26. HP: 248/259 MP: 36/36
 86423 | Forest:3 | Found a shimmering altar of Xom.
 86829 | Forest:3 | Found a staircase to the Tomb.
 87392 | Forest:4 | Noticed Mennas
 87414 | Forest:4 | Killed Mennas
 87414 | Forest:4 | Received a gift from Trog
 89639 | Forest:4 | Paralysed by a spriggan assassin for 3 turns
 89647 | Forest:4 | Paralysed by a spriggan assassin for 3 turns
 89701 | Forest:5 | Entered Level 5 of the Enchanted Forest
 90055 | Forest:5 | Received a gift from Trog
 90457 | Forest:5 | Got a warped zirconium amulet
 91450 | Forest:5 | Reached skill level 26 in Fighting
 91612 | Forest:5 | Received a gift from Trog
 91613 | Forest:5 | Noticed the Enchantress
 91631 | Forest:5 | Killed the Enchantress
 91835 | Forest:5 | Identified the amulet of Relativism {Faith Str-4} (You took it off a spriggan on level 5 of the Enchanted Forest)
 92682 | Lair:7   | Killed an acid blob
 92686 | Lair:7   | Killed an acid blob
 93356 | Vaults:5 | Entered Level 5 of the Vaults
 93379 | Vaults:4 | Received a gift from Trog
 94010 | Vaults:5 | Noticed Frederick
 94026 | Vaults:5 | Killed Frederick
 94862 | Vaults:5 | Got a silver rune of Zot
 95119 | Vaults:5 | Reached XP level 27. HP: 204/270 MP: 36/36
 95303 | Vaults:5 | Received a gift from Trog
 95496 | Vaults:5 | Got a fine cloak
 95503 | Vaults:5 | Identified the +0 cloak of Trumpets {+Rage Str+3} (You found it on level 5 of the Vaults)
 96186 | Vaults:5 | Received a gift from Trog
 96452 | Vaults:5 | Got a faintly humming cloak
 96456 | Vaults:5 | Identified the +1 cloak "Grept" {Dex+1 Acc+4 Dam+5} (You acquired it on level 5 of the Vaults)
 97344 | Zot:1    | Entered Level 1 of the Realm of Zot
 97470 | Zot:1    | Reached skill level 27 in Fighting
 97753 | Zot:1    | Identified a +7 rod of destruction (13/13) (You took it off an ogre mage on level 5 of the Vaults)
 97912 | Zot:1    | Received a gift from Trog
 98564 | Zot:2    | Noticed Tiamat
 98781 | Zot:1    | Killed Tiamat
 98987 | Zot:2    | Received a gift from Trog
 99436 | Zot:2    | Reached skill level 27 in Axes
 99630 | Zot:2    | Received a gift from Trog
101803 | Zot:4    | Received a gift from Trog
102119 | Zot:5    | Entered Level 5 of the Realm of Zot
103129 | Zot:5    | Noticed an orb of fire
103130 | Zot:5    | Gained mutation: You are frail (-10% HP). [an orb of fire]
103145 | Zot:5    | Killed an orb of fire
103418 | Zot:5    | Noticed an orb of fire
103422 | Zot:5    | Noticed an ancient lich
103445 | Zot:5    | Killed an orb of fire
103450 | Zot:5    | Killed an ancient lich
103499 | Zot:5    | Noticed an orb of fire
103512 | Zot:5    | Noticed an ancient lich
103521 | Zot:5    | Killed an orb of fire
103521 | Zot:5    | Reached skill level 27 in Dodging
103521 | Zot:5    | Reached skill level 1 in Unarmed Combat
103532 | Zot:5    | Killed an ancient lich
103658 | Zot:5    | Noticed an orb of fire
103802 | Zot:5    | Killed an orb of fire
103883 | Zot:5    | Noticed an ancient lich
103887 | Zot:5    | Killed an ancient lich
103887 | Zot:5    | Reached skill level 5 in Unarmed Combat
104219 | Zot:5    | Noticed an orb of fire
104240 | Zot:5    | Killed an orb of fire
104302 | Zot:5    | Noticed an ancient lich
104327 | Zot:5    | Killed an ancient lich
104327 | Zot:5    | Received a gift from Trog
104328 | Zot:5    | Got an ebony dagger {god gift}
104346 | Zot:5    | Noticed an orb of fire
104366 | Zot:5    | Noticed an ancient lich
104366 | Zot:5    | Killed an orb of fire
104369 | Zot:5    | Paralysed by an ancient lich for 7 turns
104391 | Zot:5    | Noticed an ancient lich
104394 | Zot:5    | Noticed an orb of fire
104417 | Zot:5    | Gained mutation: You digest meat inefficiently. [an orb of fire]
104694 | Zot:5    | Killed an orb of fire
104733 | Zot:5    | Killed an ancient lich
104836 | Zot:5    | Killed an ancient lich
104975 | Zot:5    | Got a smoking war axe
105118 | Zot:5    | Reached skill level 10 in Unarmed Combat
105147 | Zot:5    | Noticed an orb of fire
105181 | Zot:5    | Killed an orb of fire
105913 | Hell     | Identified the cursed +0,+1 war axe of War {chop, +Inv} (You found it on level 5 of the Realm of Zot)
105922 | Hell     | Identified the +6,+13 dagger of the Doomed Warrior {antimagic, rPois} (Trog gifted it to you on level 5 of the Realm of Zot)
106358 | Slime:1  | Entered Level 1 of the Pits of Slime
106362 | Slime:1  | Paralysed by a giant eyeball for 4 turns
106632 | Slime:1  | Received a gift from Trog
106867 | Slime:3  | Paralysed by a giant eyeball for 4 turns
108384 | Slime:4  | Paralysed by a giant eyeball for 2 turns
108395 | Slime:4  | Paralysed by a giant eyeball for 4 turns
109161 | Slime:6  | Entered Level 6 of the Pits of Slime
109304 | Slime:6  | Received a gift from Trog
109926 | Slime:6  | Noticed the royal jelly
109937 | Slime:6  | Killed the royal jelly
110255 | Slime:6  | Got a pair of smoking gloves
110289 | Slime:6  | Got a slimy rune of Zot
110292 | Slime:6  | Got a glittering marble ring
110822 | Hell     | Identified the +2 pair of gloves of Lunizuam {Str+3 Dex+4} (You found it on level 6 of the Pits of Slime)
110832 | Hell     | Identified the ring "Zodiyxti" {Fire Str-3 Dex+5 Acc+4} (You found it on level 6 of the Pits of Slime)
110833 | Hell     | Identified a +5 rod of the swarm (13/13) (You found it on level 6 of the Pits of Slime)
110918 | Depths:2 | Voluntarily entered the Abyss.
111008 | Abyss:1  | Found a corrupted altar of Lugonu.
111343 | Abyss:1  | Paralysed by an orc sorcerer for 5 turns
111385 | Abyss:1  | Paralysed by a sphinx for 4 turns
111391 | Abyss:1  | Received a gift from Trog
111487 | Depths:2 | Escaped the Abyss
111995 | Temple   | Fell from the grace of Trog
111995 | Temple   | Became a worshipper of the Shining One
112587 | Depths:2 | Voluntarily entered the Abyss.
112634 | Abyss:1  | Found a corrupted altar of Lugonu.
112786 | Abyss:1  | Found a basalt altar of Yredelemnul.
112972 | Abyss:1  | Acquired the Shining One's first power
113336 | Abyss:2  | Found a corrupted altar of Lugonu.
113403 | Abyss:2  | Found a corrupted altar of Lugonu.
113514 | Abyss:3  | Reached skill level 15 in Unarmed Combat
113663 | Abyss:3  | Acquired the Shining One's second power
114381 | Abyss:4  | Reached skill level 1 in Invocations
114469 | Abyss:5  | Entered Level 5 of the Abyss
114481 | Abyss:5  | Found a corrupted altar of Lugonu.
114498 | Abyss:5  | Acquired the Shining One's third power
114572 | Abyss:5  | Reached skill level 5 in Invocations
114578 | Abyss:5  | Gained mutation: You are agile. (Dex +2) [a cacodemon]
114832 | Abyss:5  | Acquired the Shining One's fourth power
114838 | Abyss:5  | Reached skill level 10 in Invocations
114850 | Abyss:5  | Paralysed by accursed screaming for 2 turns
114991 | Abyss:5  | Found a shimmering altar of Xom.
115278 | Abyss:5  | Paralysed by accursed screaming for 1 turns
115293 | Abyss:5  | Gained mutation: Your body is slowly deteriorating. [a neqoxec]
115445 | Abyss:5  | Lost mutation: You are agile. (Dex +2) [a neqoxec]
115588 | Abyss:5  | Reached skill level 15 in Invocations
116015 | Abyss:5  | Paralysed by you for 7 turns
116027 | Depths:2 | Escaped the Abyss
116073 | Hell     | Upgraded the game from 0.14-a0-1974-gdb6e453 to 0.14-a0-2001-g390038d
116120 | Depths:2 | Voluntarily entered the Abyss.
116120 | Abyss:1  | Found a corrupted altar of Lugonu.
116130 | Abyss:1  | Gained mutation: You occasionally shout uncontrollably. [a cacodemon]
116265 | Abyss:1  | Found a corrupted altar of Lugonu.
116309 | Abyss:1  | Found a burning altar of Makhleb.
116408 | Abyss:1  | Found a burning altar of Makhleb.
116618 | Abyss:2  | Found a shimmering altar of Xom.
117447 | Abyss:4  | Found a corrupted altar of Lugonu.
117520 | Abyss:4  | Found a corrupted altar of Lugonu.
117560 | Abyss:4  | Found a corrupted altar of Lugonu.
118205 | Abyss:4  | Got an abyssal rune of Zot
118278 | Abyss:4  | Found a corrupted altar of Lugonu.
118417 | Abyss:4  | Found a corrupted altar of Lugonu.
118678 | Abyss:4  | Reached skill level 10 in Shields
118756 | Depths:2 | Escaped the Abyss
118821 | Hell     | Upgraded the game from 0.14-a0-2001-g390038d to 0.14-a0-2019-gd9bc7f0
119149 | Temple   | Identified a +8,+9 executioner's axe of holy wrath (a +8,+8 executioner's axe of flaming blessed by the Shining One)
119300 | D:10     | Noticed a fire crab
119305 | D:10     | Killed a fire crab
119309 | D:10     | Noticed a hill giant
119315 | D:10     | Killed a hill giant
119914 | D:11     | Found a staircase to the Lair.
120951 | Tomb:1   | Entered Level 1 of the Tomb of the Ancients
122409 | Tomb:1   | Was placed under penance by the Shining One
122780 | Depths:2 | Voluntarily entered the Abyss.
122794 | Abyss:1  | Noticed an ancient lich
122805 | Abyss:1  | Killed an ancient lich
123210 | Depths:2 | Escaped the Abyss
123478 | Depths:2 | Voluntarily entered the Abyss.
123639 | Abyss:1  | Was forgiven by the Shining One
123769 | Abyss:1  | Gained mutation: You have a fast metabolism. [a neqoxec]
124026 | Abyss:1  | Found an ancient bone altar of Kikubaaqudgha.
124050 | Depths:2 | Escaped the Abyss
125272 | Tomb:1   | Got a transparent dagger
127509 | Hell     | Identified the +0,+2 dagger of Ashenzari's Whim {stab, *Tele +Inv rF+ SInv} (You found it on level 1 of the Tomb of the Ancients)
127603 | Coc:1    | Entered Level 1 of Cocytus
128406 | Coc:7    | Entered Level 7 of Cocytus
128856 | Coc:7    | Reached skill level 27 in Evocations
129428 | Coc:7    | Noticed Antaeus
129448 | Coc:7    | HP: 9/232 [Antaeus (56)]
129448 | Coc:7    | The Shining One protects you from harm!
129454 | Coc:7    | Killed Antaeus
129461 | Coc:7    | HP: 10/232 [Ice Fiend/torment (3)]
129494 | Coc:7    | Got an icy rune of Zot
129507 | Coc:7    | Got a pitted marble ring
129842 | Hell     | Identified the ring of the Manifold Lives {Dex+3 Int+5 Acc+4 Dam+4} (You found it on level 7 of Cocytus)
129876 | Geh:1    | Entered Level 1 of Gehenna
130026 | Geh:1    | Reached skill level 15 in Shields
130374 | Geh:2    | Paralysed by the effects of Hell for 7 turns
130636 | Geh:4    | Paralysed by the effects of Hell for 6 turns
130896 | Geh:5    | Gained mutation: You are dopey. (Int -2) [mutagenic glow]
131193 | Geh:7    | Entered Level 7 of Gehenna
131924 | Geh:7    | Got a crude jade amulet
131934 | Geh:7    | Got a vibrating copper ring
131968 | Geh:7    | Noticed Asmodeus
131988 | Geh:7    | Killed Asmodeus
132003 | Geh:7    | Got an obsidian rune of Zot
132734 | Hell     | Identified the amulet of Beogh's Favour {Faith Contam} (You found it on level 7 of Gehenna)
132735 | Hell     | Identified the ring of Esmophav {Wiz Int+1} (You found it on level 7 of Gehenna)
132781 | Dis:1    | Entered Level 1 of the Iron City of Dis
133800 | Dis:7    | Entered Level 7 of the Iron City of Dis
135089 | Dis:7    | Lost mutation: You have a fast metabolism. [mutagenic glow]
135419 | Dis:7    | Noticed Piginabag's ghost (legendary DsMo)
135435 | Dis:7    | Killed Piginabag's ghost
135545 | Depths:2 | Voluntarily entered the Abyss.
135614 | Abyss:1  | Noticed an ancient lich
135680 | Abyss:1  | Killed an ancient lich
135887 | Depths:2 | Escaped the Abyss
136552 | Dis:7    | Paralysed by the effects of Hell for 6 turns
136553 | Dis:7    | Killed from afar by an iron dragon

Action                   |  1- 3 |  4- 6 |  7- 9 | 10-12 | 13-15 | 16-18 | 19-21 | 22-24 | 25-27 || total
-------------------------+-------+-------+-------+-------+-------+-------+-------+-------+-------++-------
Melee: Hand axe          |    93 |   111 |    13 |       |       |       |       |       |       ||   217
       War axe           |       |       |   384 |   367 |       |       |       |       |    10 ||   761
       Broad axe         |       |       |       |   348 |   998 |  1807 |       |       |       ||  3153
       Battleaxe         |       |       |       |    80 |    24 |   149 |   660 |   876 |  4572 ||  6361
       Executioner's axe |       |       |       |       |       |       |   884 |   826 |  2843 ||  4553
       Unarmed           |       |       |       |       |       |       |       |     4 |       ||     4
Throw: Dart              |    39 |    13 |       |       |       |       |       |       |       ||    52
       Tomahawk          |       |    36 |       |       |       |       |       |       |       ||    36
Invok: Berserk           |     4 |     6 |     7 |    15 |    12 |    24 |    28 |    24 |    38 ||   158
       Burn Spellbooks   |     1 |       |       |     2 |       |     7 |     6 |     4 |    14 ||    34
       Brothers in Arms  |       |       |       |     5 |     2 |     4 |     5 |     5 |     9 ||    30
       Trog's Hand       |       |       |       |       |     5 |     6 |     6 |     3 |     7 ||    27
       Summon Divine War |       |       |       |       |       |       |       |       |    20 ||    20
       Divine Shield     |       |       |       |       |       |       |       |       |    19 ||    19
       Cleansing Flame   |       |       |       |       |       |       |       |       |    14 ||    14
 Abil: Breathe Lightning |       |       |     9 |    14 |     7 |     6 |     1 |     4 |     2 ||    43
       Stop Flying       |       |       |       |       |       |       |     2 |     2 |     2 ||     6
       Fly               |       |       |       |       |       |       |     2 |     2 |     3 ||     7
       Blink             |       |       |       |       |       |       |       |       |     8 ||     8
Evoke: Wand              |       |     2 |     7 |    35 |    23 |    37 |    21 |    26 |    18 ||   169
       lamp of fire      |       |       |       |       |       |     1 |     1 |     1 |    11 ||    14
       disc of storms    |       |       |       |       |       |       |     2 |     7 |    50 ||    59
       sack of spiders   |       |       |       |       |       |       |       |     1 |     1 ||     2
       Deck              |       |       |       |       |       |       |       |     1 |       ||     1
       fan of gales      |       |       |       |       |       |       |       |       |     3 ||     3
       stone of tremors  |       |       |       |       |       |       |       |       |     2 ||     2
       Rod               |       |       |       |       |       |       |       |       |     6 ||     6
       horn of Geryon    |       |       |       |       |       |       |       |       |     1 ||     1
  Use: Potion            |       |     1 |     3 |     2 |     3 |    15 |     4 |     3 |    37 ||    68
       Scroll            |       |       |    23 |    10 |     8 |    13 |    15 |    15 |    43 ||   127
 Stab: Sleeping          |       |       |     7 |     5 |    18 |    27 |    23 |     4 |    18 ||   102
       Distracted        |       |       |       |     2 |     1 |     9 |     8 |    10 |    61 ||    91
       Held in net/web   |       |       |       |       |       |     2 |       |       |       ||     2
